 Dungeon Crawl Stone Soup version 0.30.0-29-ga12c61a403 (webtiles) character file.

Game seed: 827037199218972298

3892 javelincjr the Trooper (level 10, 0/68 HPs)
             Began as a Djinni Summoner on June 20, 2023.
             Was a Believer of Qazlal.
             Slain by a bullfrog (3 damage)
             ... on level 8 of the Dungeon on June 21, 2023.
             The game lasted 00:59:36 (8379 turns).

javelincjr the Trooper (Djinni Summoner)            Turns: 8379, Time: 00:59:36

Health: 0/68       AC:  0    Str:  9    XL:     10   Next: 42%
Gold:   0          EV: 17    Int: 19    God:    Qazlal [**....] SH:  7 Dex: 14

rFire   . . .        u - melded +0 spear (vamp)
rCold   . . .        E - melded +0 buckler
rNeg    . . .        N - melded +0 troll leather armour
rPois   ∞            H - melded +2 hat
rElec   .            (cloak currently unavailable)
rCorr   .            F - melded +0 pair of gloves
SInv    .            (boots unavailable)
Will    ++...        B - amulet of reflection
Stlth   ++           I - melded ring of see invisible
HPRegen 0.31/turn    x - melded +4 ring of protection
MPRegen 0.00/turn

%: reflection, infuse magic (-1 HP)
@: pig-form (expiring), flying, studying Ranged Weapons, invisible, very quick
A: fast, flying, no casting, sickness immunity, small, (fire resistance 2),
(cold vulnerability 1), float, innate caster, HP casting, extra vitality 1,
(iridescent scales 1), frail 1, strong-willed 1, inability to read after injury
1
a: Renounce Religion, Upheaval


You were on level 8 of the Dungeon.
You worshipped Qazlal.
Qazlal was pleased with you.
You were a filthy swine.
You visited 2 branches of the dungeon, and saw 9 of its levels.

Inventory:

Hand Weapons
 c - a +0 dagger
 e - a +1 dagger of holy wrath
 u - a +0 vampiric spear (melded)
Armour
 a - a +0 robe
 E - a +0 buckler (melded)
 F - a +0 pair of gloves (melded)
 H - a +2 hat (melded)
 K - +0 swamp dragon scales
 N - a +0 troll leather armour (melded)
Jewellery
 b - a +5 ring of evasion
 x - a +4 ring of protection (melded)
 y - a ring of positive energy
 B - an amulet of reflection (around neck)
 I - a ring of see invisible (melded)
Wands
 J - a wand of charming (11)
Scrolls
 g - a scroll of fear
 i - a scroll of enchant weapon {unknown}
 l - a scroll of butterflies {unknown}
 p - a scroll of immolation {unknown}
 q - 3 scrolls of poison
 t - a scroll of magic mapping {unknown}
 v - 2 scrolls of teleportation {unknown}
Potions
 d - 3 potions of might
 h - 3 potions of lignification
 j - 3 potions of curing
 k - a potion of flight {unknown}
 n - a potion of attraction {unknown}
 o - a potion of mutation
 r - a potion of haste {unknown}
 s - 3 potions of degeneration
 w - a potion of invisibility
 G - a potion of magic {unknown}
 M - a potion of cancellation {unknown}


   Skills:
 * Level 7.7 Fighting
 + Level 3.2 Polearms
 + Level 3.7 Armour
 + Level 6.4 Dodging
 - Level 2.0 Stealth
 + Level 3.9 Shields
 * Level 7.0 Spellcasting


You knew the following spells:

 Your Spells              Type           Power      Damage    Failure   Level
a - Summon Small Mammal   Summ           100%       N/A       1%          1
b - Call Imp              Summ           66%        N/A       1%          2
c - Call Canine Familiar  Summ           33%        N/A       1%          3
d - Summon Guardian Gole  Hex/Summ       33%        N/A       1%          3
e - Summon Lightning Spi  Summ/Air       33%        N/A       5%          4
f - Magic Dart            Conj           100%       1d8       1%          1
g - Searing Ray           Conj           66%        2d6       1%          2
h - Blink                 Tloc           66%        N/A       1%          2
i - Animate Armour        Summ/Erth      66%        N/A       5%          4
Your spell library was empty.

Dungeon Overview and Level Annotations

Branches:
Dungeon (8/15)             Temple (1/1) D:4
   Lair: D:8-11

Altars:
Ashenzari
Dithmenos
Fedhas
Gozag
Makhleb
Okawaru
Qazlal
Ru
Trog
Uskayaw
Wu Jian
Xom
Zin
The Shining One

Shops:
D:6 :   D:8 [

Annotations:
D:8 Maurice


Innate Abilities, Weirdness & Mutations

You are a filthy swine.
You move quickly.
You are flying.
Your equipment is almost entirely melded.
You are incapable of wielding weapons or throwing items.
You cannot cast spells.
You are immune to sickness and miasma.
You are immune to poison.
((Your flesh is very heat resistant. (rF++)))
((You are vulnerable to cold. (rC-)))
You float through the air rather than walking.
You learn spells naturally, not from books.
Your magical power is your life essence.
You have superior vitality. (+4 MHP)
((You are partially covered in iridescent scales. (AC +2)))
You are frail. (-10% HP)
You are strong-willed. (Will+)
You occasionally lose the ability to read scrolls when taking damage.


Message History

Your cerulean imp hits the howler monkey but does no damage.
The bullfrog attacks as you move away! The bullfrog barely misses you.
A throwing net appears from out of your range of vision.
The throwing net completely misses your hound.
You hear a splash.
The bullfrog misses you. The bullfrog attacks as you move away!
The bullfrog misses you.
The howler monkey hoots and howls with incredible vigour!
Your cerulean imp hits the howler monkey but does no damage.
The bullfrog attacks as you move away! You block the bullfrog's attack.
Found a leather armour.
Your cerulean imp closely misses the howler monkey.
The bullfrog attacks as you move away! You block the bullfrog's attack.
Your transformation is almost over.
You hear a zap.
The bullfrog attacks as you move away! The bullfrog hits you.
* * * LOW HITPOINT WARNING * * *
The bullfrog attacks as you move away! You block the bullfrog's attack.
There is an open door here.
The bullfrog attacks as you move away! The bullfrog closely misses you.
Your cerulean imp disappears in a puff of smoke!
Something hits you!
* * * LOW HITPOINT WARNING * * *
Something steals your wand of flame (21)!
You are electrocuted!
* * * LOW HITPOINT WARNING * * *
Things that are here:
a +0 flail; a +0 chain mail It was a potion of mutation.
You feel extremely strange.
You occasionally lose the ability to read scrolls when taking damage.
You feel frail.
Iridescent scales grow over part of your body.
You feel strong-willed. The bullfrog barely misses you.
You hear some strange, mumbled words.
The bullfrog barely misses you.
It was a potion of invisibility.
You fade into invisibility!
The bullfrog hits you.
You die...

≈.≈≈≈~.........#
.≈≈≈≈≈~..##....#
..≈~~~.........#
.~~≈.≈~..###.###
..≈~≈....# #.#
~~≈≈~.(..###h##
≈~~~~...h##...#
≈~..~$..§#.F).#
.~....~.†..h○.#
.........†.○..#
.......+...)†.##
.....###.).<..{#
..... ##......#
.... ##..(..#
.... ##...##
##+##


You could see a bullfrog (unable to see you) and a friendly hound (summoned).

Vanquished Creatures
  An ogre (D:6)
  A phantom (D:6)
  A hound (D:8)
  3 orc priests
  An iguana (D:5)
  A gnoll (D:3)
  5 adders
  An ufetubus (D:7)
  2 worms
  4 orcs
  5 endoplasms
  2 giant cockroaches
  3 goblins
  2 hobgoblins (D:1)
  4 ball pythons
  4 bats
  A frilled lizard (D:3)
  3 kobolds
  4 rats
48 creatures vanquished.

Vanquished Creatures (collateral kills)
  A troll (D:8)
  A wyvern (D:7)
  A sky beast (D:6)
  2 wolves (D:8)
  3 phantoms
  A bullfrog (D:8)
  4 scorpions
  2 howler monkeys
  An orc priest (D:4)
  A jelly (D:5)
  10 hounds
  2 iguanas (D:6)
  A sleepcap (D:7)
  6 orc wizards
  9 gnolls
  3 adders
  A shadow imp (D:5)
  2 white imps
  4 dart slugs
  21 orcs
  2 ball pythons
  3 bats
  6 endoplasms
  3 giant cockroaches
  4 goblins
  6 hobgoblins
  4 frilled lizards
  5 kobolds
  5 rats
114 creatures vanquished.

Vanquished Creatures (others)
  A two-headed ogre (D:5)
  Maggie (D:7)
  A centaur (D:7)
  A kobold brigand (D:6)
  A gnoll sergeant (D:5)
  6 killer bees (D:5)
  2 orc priests
  4 orc wizards
  A gnoll (D:5)
  An adder (D:5)
  The ghost of ppsocheesy the Covert, a weakling GnDe (D:5)
  An orc (D:6)
  A kobold (D:6)
22 creatures vanquished.

Grand Total: 184 creatures vanquished

Notes
Turn   | Place    | Note
-------+----------+-------------------------------------------
     0 | D:1      | javelincjr the Djinni Summoner began the quest for the Orb.
     0 | D:1      | javelincjr set off with the following spells memorised:
                  | Summon Small Mammal, Call Imp, Call Canine Familiar, Summon
                  | Guardian Golem, Summon Lightning Spire.
     0 | D:1      | Reached XP level 1. HP: 15/15 MP: 0/0
   264 | D:1      | Reached XP level 2. HP: 20/21 MP: 0/0
   618 | D:1      | Reached XP level 3. HP: 25/25 MP: 0/0
   618 | D:1      | Learned a level 1 spell: Magic Dart
  1131 | D:2      | Reached skill level 1 in Fighting
  1158 | D:2      | Reached XP level 4. HP: 32/32 MP: 0/0
  1776 | D:3      | Reached XP level 5. HP: 33/38 MP: 0/0
  1776 | D:3      | Learned a level 2 spell: Searing Ray
  2279 | D:4      | Reached XP level 6. HP: 7/45 MP: 0/0
  2648 | D:4      | Found a stormy altar of Qazlal.
  2658 | D:4      | Became a worshipper of Qazlal Stormbringer
  2839 | D:4      | Reached XP level 7. HP: 50/50 MP: 0/0
  2839 | D:4      | Learned a level 2 spell: Blink
  3393 | D:4      | Found a staircase to the Ecumenical Temple.
  3569 | Temple   | Entered the Ecumenical Temple
  4077 | D:5      | Entered Level 5 of the Dungeon
  4214 | D:5      | HP: 1/52 [orc priest/+0 mace (2)]
  4435 | D:5      | Found a transporter.
  4437 | D:5      | Found a transporter.
  4438 | D:5      | Noticed ppsocheesy's ghost (weakling GnDe)
  4532 | D:5      | Reached skill level 5 in Spellcasting
  4679 | D:5      | Reached XP level 8. HP: 26/58 MP: 0/0
  4915 | D:5      | Reached skill level 5 in Fighting
  5001 | D:5      | Noticed a two-headed ogre
  5026 | D:5      | Killed a two-headed ogre
  5027 | D:5      | Reached skill level 1 in Polearms
  5027 | D:5      | Reached skill level 1 in Armour
  5027 | D:5      | Reached skill level 5 in Dodging
  5027 | D:5      | Reached XP level 9. HP: 48/66 MP: 0/0
  5027 | D:5      | Learned a level 4 spell: Animate Armour
  5971 | D:5      | Killed ppsocheesy's ghost
  5971 | D:5      | Reached * piety under Qazlal
  6524 | D:6      | Found Odud's Vocational Training.
  6798 | D:6      | Found a hide-covered altar of Uskayaw.
  6799 | D:6      | Noticed a +0 dagger
  6800 | D:6      | Noticed a +0 hand axe
  7288 | D:7      | Noticed Maggie
  7303 | D:7      | Killed Maggie
  7304 | D:7      | Reached XP level 10. HP: 63/75 MP: 0/0
  8179 | D:8      | Found Owkyte's Antique Armour Emporium.
  8208 | D:8      | Noticed Maurice
  8225 | D:8      | Reached ** piety under Qazlal
  8377 | D:8      | HP: 3/76 [something (8)]
  8378 | D:8      | Gained mutation: You occasionally lose the ability to read
                  | scrolls when taking damage. [potion of mutation]
  8378 | D:8      | Gained mutation: You are frail. (-10% HP) [potion of
                  | mutation]
  8378 | D:8      | Gained mutation: You are partially covered in iridescent
                  | scales. (AC +2) [potion of mutation]
  8378 | D:8      | Gained mutation: You are strong-willed. (Will+) [potion of
                  | mutation]
  8379 | D:8      | Slain by a bullfrog

Illustrated notes

Levels and vault maps discovered:
D:1:      kilobyte_arrival_exit_the_forest, layout_loops_ring
D:2:      layout_rooms
D:3:      layout_basic, grunt_decor_fettered
D:4:      layout_basic, nicolae_qazlal_scattered_showers,
          minmay_temple_entry_enclosed_plants
D:5:      layout_basic, gammafunk_ghost_hive, minmay_manual_macuahuitl
D:6:      layout_rooms, dancing_weapons_uskayaw, lemuel_doored_altar,
          nicolae_shop_vocational
D:7:      layout_loops_ring, uniq_maggie
D:8:      layout_loops_corners, erik_lair_island, serial_shops, shop,
          amcnicky_mini_rare_corridor_liquid, hellmonk_guarded_unrand_gong,
          uniq_gastronok, uniq_maurice
Temple:   compressed_dpeg_triangle_lava_temple

Skill      XL: |  1  2  3  4  5  6  7  8  9 10 |
---------------+-------------------------------+-----
Stealth        | 2 |  2.0
Fighting       | 1 2 3 4 5 7 |  7.7
Dodging        | 3 4 5 6 |  6.4
Spellcasting   | 4 5 6 7 |  7.0
Polearms       | 1 2 3 |  3.2
Armour         | 1 3 |  3.7
Shields        | 2 3 |  3.9

Action                     |  1- 3 |  4- 6 |  7- 9 | 10-12 || total
---------------------------+-------+-------+-------+-------++-------
  Melee: Dagger            |    46 |    82 |       |       ||   128
         Punch             |     1 |     1 |     3 |       ||     5
         Spear             |       |    42 |   270 |    39 ||   351
         Unarmed           |       |       |       |     2 ||     2
   Cast: Summon Small Mamm |    28 |     6 |     6 |       ||    40
         Call Imp          |     9 |    14 |    30 |    11 ||    64
         Call Canine Famil |       |    10 |    34 |    14 ||    58
         Summon Guardian G |       |     3 |    29 |     5 ||    37
         Animate Armour    |       |       |     4 |     4 ||     8
         Summon Lightning  |       |       |     3 |     8 ||    11
         Blink             |       |       |       |     3 ||     3
    Use: Scroll            |       |       |     5 |     2 ||     7
         Potion            |       |       |       |     2 ||     2
   Stab: Sleeping          |     2 |       |     1 |       ||     3
         Distracted        |       |     1 |     9 |       ||    10
 Armour: Robe              |     6 |    10 |    33 |       ||    49
         Swamp dragon scal |       |       |       |    11 ||    11
         Troll leather arm |       |       |       |     2 ||     2
  Dodge: Dodged            |    31 |   103 |   125 |    35 ||   294
  Block: Buckler           |       |       |    35 |    30 ||    65
         Reflection        |       |       |     3 |     1 ||     4
         Other             |       |       |       |     4 ||     4
